| TOP OF THE 1ST |
|
Milwaukee (NYP) Brewers batting - Pitching for Batavia Muckdogs : RHP Gabe Behrend
|
|
Pitching: RHP Gabe Behrend
|
|
|
Batting: RHB Brian Landrum
|
0-0: Called Strike 0-1: Called Strike 0-2: Hit by Pitch
|
|
Batting: RHB Vinny Estrada
|
0-0: Foul Ball, location: 2F 0-1: Called Strike 0-2: Foul Ball, location: 2F 0-2: Foul Ball, location: 2F 0-2: Foul Ball, location: 2F 0-2: Ball 1-2: Strikes out swinging
|
|
Batting: LHB Alfredo de la Cruz
|
0-0: Ball Pickoff Throw to First - Error! E1 Brian Landrum to second 1-0: Swinging Strike 1-1: Fly out, F7 (Flyball, 78M, EV 85.6 MPH)
|
|
Batting: LHB Paul Collins
|
0-0: Called Strike 0-1: Foul Ball, location: 2F 0-2: Ball 1-2: Strikes out swinging
|
| Top of the 1st over - 0 runs, 0 hits, 1 error, 1 left on base; Milwaukee (NYP) 0 - Batavia 0 |
| BOTTOM OF THE 1ST |
|
Batavia Muckdogs batting - Pitching for Milwaukee (NYP) Brewers : RHP Tony Valdez
|
|
Pitching: RHP Tony Valdez
|
|
|
Batting: RHB Calvin Morin
|
0-0: Ball 1-0: TRIPLE (Groundball, 3L, EV 101.9 MPH)
|
|
Batting: RHB Len Graham
|
0-0: SINGLE (Groundball, 6D, EV 101.9 MPH) Calvin Morin scores
|
|
Batting: LHB Ryan Thompson
|
0-0: Called Strike 0-1: Ball 1-1: Swinging Strike 1-2: Strikes out swinging
|
|
Batting: LHB Justin Blakely
|
0-0: Ball 1-0: Ball 2-0: Called Strike 2-1: Ball 3-1: Base on Balls Len Graham to second
|
|
Batting: RHB Larry LeFever
|
0-0: Ball 1-0: Called Strike Len Graham steals 3rd base (no throw) 1-1: Swinging Strike 1-2: Ball 2-2: Ball 3-2: Fielders Choice at 2nd, 5-4 (Groundball, 56, EV 111.2 MPH) Len Graham scores
|
|
Batting: RHB Hiromitsu Yamada
|
0-0: Called Strike 0-1: Called Strike 0-2: Ball 1-2: Ball 2-2: Foul Ball, location: 2F 2-2: Foul Ball, location: 2F 2-2: Ground out 5-3 (Groundball, 5S, EV 72.5 MPH)
|
| Bottom of the 1st over - 2 runs, 2 hits, 0 errors, 1 left on base; Milwaukee (NYP) 0 - Batavia 2 |
| TOP OF THE 2ND |
|
Milwaukee (NYP) Brewers batting - Pitching for Batavia Muckdogs : RHP Gabe Behrend
|
|
Batting: RHB Skyler Goss
|
0-0: Called Strike 0-1: Ball 1-1: Swinging Strike 1-2: Foul Ball, location: 2F 1-2: Ball 2-2: Foul Ball, location: 2F 2-2: Ball 3-2: Base on Balls
|
|
Batting: SHB Robert Sayer
|
0-0: Called Strike 0-1: TRIPLE (Line Drive, 89XD, EV 101.9 MPH) Skyler Goss scores
|
|
Batting: RHB Derek Halliwill
|
0-0: Called Strike 0-1: Swinging Strike 0-2: Strikes out swinging
|
|
Pitching: RHP Ryan Babbitt
|
|
|
Batting: RHB Bobby McCann
|
0-0: Ball 1-0: Foul Ball, location: 2F 1-1: Ball 2-1: Called Strike 2-2: Strikes out swinging
|
|
Batting: SHB Adam Slade
|
0-0: Foul Ball, location: 2F 0-1: Ball 1-1: SINGLE (Line Drive, 9S, EV 105.0 MPH) Robert Sayer scores
|
|
Batting: RHB Brian Landrum
|
0-0: Ball 1-0: Swinging Strike 1-1: Ball 2-1: Ball 3-1: Base on Balls Adam Slade to second
|
|
Batting: RHB Vinny Estrada
|
0-0: Called Strike 0-1: Called Strike 0-2: Ball 1-2: Ball 2-2: Ball 3-2: Base on Balls Adam Slade to third Brian Landrum to second
|
|
Pitching: RHP Scott Feltham
|
|
|
Batting: LHB Alfredo de la Cruz
|
0-0: Ball 1-0: Swinging Strike 1-1: Ball 2-1: Ball 3-1: Base on Balls Adam Slade scores Brian Landrum to third Vinny Estrada to second
|
|
Batting: LHB Paul Collins
|
0-0: Foul Ball, location: 2F 0-1: GRAND SLAM HOME RUN (Flyball, 9D, EV 95.6 MPH), Distance : 376 ft
|
|
Batting: RHB Skyler Goss
|
0-0: Ball 1-0: Ball 2-0: Called Strike 2-1: Ball 3-1: Foul Ball, location: 2F 3-2: Foul Ball, location: 2F 3-2: Foul Ball, location: 2F 3-2: Base on Balls
|
|
Batting: SHB Robert Sayer
|
0-0: Called Strike 0-1: Ball 1-1: Foul Ball, location: 2F 1-2: Ball 2-2: Foul Ball, location: 2F 2-2: Ball 3-2: Base on Balls Skyler Goss to second
|
|
Pitching: LHP Kunji Fukasawa
|
|
|
Batting: RHB Derek Halliwill
|
0-0: Ball 1-0: Ball 2-0: Foul Ball, location: 2F 2-1: Ball 3-1: Base on Balls Skyler Goss to third Robert Sayer to second
|
|
Batting: RHB Bobby McCann
|
0-0: Ball 1-0: Ball 2-0: Foul Ball, location: 2F 2-1: Swinging Strike 2-2: Ball 3-2: Strikes out swinging
|
| Top of the 2nd over - 7 runs, 3 hits, 0 errors, 3 left on base; Milwaukee (NYP) 7 - Batavia 2 |
| BOTTOM OF THE 2ND |
|
Batavia Muckdogs batting - Pitching for Milwaukee (NYP) Brewers : RHP Tony Valdez
|
|
Batting: LHB Emilio Montalvo
|
0-0: Ball 1-0: Called Strike 1-1: Ball 2-1: DOUBLE (Groundball, 3L, EV 101.2 MPH)
|
|
Batting: RHB Jeremy Dennis
|
0-0: Ball 1-0: Called Strike 1-1: Foul Ball, location: 2F 1-2: Ball 2-2: Ball 3-2: Base on Balls
|
|
Batting: RHB Jose Trevino
|
0-0: Called Strike 0-1: Ball 1-1: Fly out, F9 (Flyball, 9D, EV 93.8 MPH) Runner from 2nd tags up, SAFE at 3rd, no throw by RF
|
|
Batting: RHB Calvin Morin
|
0-0: Ball Jeremy Dennis steals 2nd base 1-0: Called Strike 1-1: Ball 2-1: Ball 3-1: Called Strike 3-2: Base on Balls
|
|
Batting: RHB Len Graham
|
0-0: Ground out 6-3 (Groundball, 6S, EV 68.8 MPH) Emilio Montalvo scores Jeremy Dennis to third Calvin Morin to second
|
|
Batting: LHB Ryan Thompson
|
0-0: Foul Ball, location: 2F 0-1: Foul Ball, location: 2F 0-2: Ball 1-2: Fly out, F8 (Flyball, 8RS, EV 88.1 MPH)
|
| Bottom of the 2nd over - 1 run, 1 hit, 0 errors, 2 left on base; Milwaukee (NYP) 7 - Batavia 3 |
| TOP OF THE 3RD |
|
Milwaukee (NYP) Brewers batting - Pitching for Batavia Muckdogs : LHP Kunji Fukasawa
|
|
Batting: SHB Adam Slade
|
0-0: Called Strike 0-1: Ball 1-1: Called Strike 1-2: Ball 2-2: Foul Ball, location: 2F 2-2: Foul Ball, location: 2F 2-2: Foul Ball, location: 2F 2-2: Foul Ball, location: 2F 2-2: Ball 3-2: Foul Ball, location: 2F 3-2: Foul Ball, location: 2F 3-2: Strikes out swinging
|
|
Pitching: RHP Alex Garza
|
|
|
Batting: RHB Brian Landrum
|
0-0: Ball 1-0: Ball 2-0: Called Strike 2-1: Ball 3-1: Base on Balls
|
|
Batting: RHB Vinny Estrada
|
0-0: Called Strike Brian Landrum steals 2nd base 0-1: Ball 1-1: Called Strike 1-2: SINGLE (Groundball, 5S, EV 66.2 MPH) (infield hit) Brian Landrum to third
|
|
Batting: LHB Alfredo de la Cruz
|
0-0: Ball 1-0: Called Strike 1-1: Called Strike 1-2: Ball 2-2: DOUBLE (Flyball, 78D, EV 109.4 MPH) Brian Landrum scores Vinny Estrada to third
|
|
Batting: LHB Paul Collins
|
0-0: Called Strike 0-1: SINGLE (Groundball, 6MS, EV 67.5 MPH) (infield hit) Vinny Estrada scores Alfredo de la Cruz to third
|
|
Batting: RHB Skyler Goss
|
0-0: Called Strike 0-1: Called Strike 0-2: Strikes out looking
|
|
Pitching: RHP Giampaolo Nobile
|
|
|
Batting: SHB Robert Sayer
|
0-0: Swinging Strike 0-1: Foul Ball, location: 2F 0-2: Ball 1-2: Ball 2-2: Ball 3-2: Foul Ball, location: 2F 3-2: Foul Ball, location: 2F 3-2: Base on Balls Paul Collins to second
|
|
Batting: RHB Derek Halliwill
|
0-0: Ball 1-0: Ball 2-0: Called Strike 2-1: Foul Ball, location: 2F 2-2: Ball 3-2: DOUBLE (Line Drive, 89D, EV 101.9 MPH) Alfredo de la Cruz scores Paul Collins scores Robert Sayer to third Robert Sayer scores
|
|
Batting: RHB Bobby McCann
|
0-0: Ball 1-0: SINGLE (Groundball, 25, EV 70.6 MPH) (infield hit) Derek Halliwill to third
|
|
Batting: SHB Adam Slade
|
0-0: Foul Ball, location: 2F 0-1: Foul Ball, location: 2F 0-2: Ball 1-2: Ball 2-2: Strikes out looking
|
| Top of the 3rd over - 5 runs, 5 hits, 0 errors, 2 left on base; Milwaukee (NYP) 12 - Batavia 3 |
| BOTTOM OF THE 3RD |
|
Batavia Muckdogs batting - Pitching for Milwaukee (NYP) Brewers : RHP Tony Valdez
|
|
Batting: LHB Justin Blakely
|
0-0: Ball 1-0: Ball 2-0: Ball 3-0: Called Strike 3-1: SINGLE (Groundball, 56D, EV 101.9 MPH)
|
|
Batting: RHB Larry LeFever
|
0-0: Ball 1-0: Ball 2-0: Called Strike 2-1: Fly out, F8 (Line Drive, 8LM, EV 104.4 MPH)
|
|
Batting: RHB Hiromitsu Yamada
|
0-0: Ball 1-0: Swinging Strike 1-1: Foul Ball, location: 2F 1-2: Ball 2-2: SINGLE (Line Drive, 8RS, EV 100.6 MPH) Justin Blakely to second
|
|
Batting: LHB Emilio Montalvo
|
0-0: Grounds into double play, 4-6-3 (Groundball, 4, EV 88.8 MPH)
|
| Bottom of the 3rd over - 0 runs, 2 hits, 0 errors, 1 left on base; Milwaukee (NYP) 12 - Batavia 3 |
| TOP OF THE 4TH |
|
Milwaukee (NYP) Brewers batting - Pitching for Batavia Muckdogs : RHP Giampaolo Nobile
|
|
Batting: RHB Brian Landrum
|
0-0: Ball 1-0: Foul Ball, location: 2F 1-1: SINGLE (Groundball, 56D, EV 94.4 MPH)
|
|
Batting: RHB Vinny Estrada
|
0-0: Called Strike 0-1: Ball 1-1: Ball 2-1: Foul Ball, location: 2F 2-2: Strikes out swinging
|
|
Batting: LHB Alfredo de la Cruz
|
0-0: Swinging Strike 0-1: Foul Ball, location: 2F 0-2: Strikes out looking
|
|
Batting: LHB Paul Collins
|
0-0: Ball 1-0: Foul Ball, location: 2F 1-1: Ground out U3 (Groundball, 34, EV 105.6 MPH)
|
| Top of the 4th over - 0 runs, 1 hit, 0 errors, 1 left on base; Milwaukee (NYP) 12 - Batavia 3 |
| BOTTOM OF THE 4TH |
|
Batavia Muckdogs batting - Pitching for Milwaukee (NYP) Brewers : RHP Tony Valdez
|
|
Batting: RHB Jeremy Dennis
|
0-0: Ball 1-0: Called Strike 1-1: Foul Ball, location: 2F 1-2: DOUBLE (Line Drive, 89D, EV 100.0 MPH)
|
|
Batting: RHB Jose Trevino
|
0-0: Ground out 6-3 (Groundball, 6, EV 81.2 MPH) Jeremy Dennis to third
|
|
Batting: RHB Calvin Morin
|
0-0: Ball 1-0: Called Strike 1-1: DOUBLE (Line Drive, 7LM, EV 95.0 MPH) Jeremy Dennis scores
|
|
Batting: RHB Len Graham
|
0-0: Ball Calvin Morin is caught stealing 3rd base 2-5 1-0: Ground out 6-3 (Groundball, 6, EV 80.6 MPH)
|
| Bottom of the 4th over - 1 run, 2 hits, 0 errors, 0 left on base; Milwaukee (NYP) 12 - Batavia 4 |
| TOP OF THE 5TH |
|
Milwaukee (NYP) Brewers batting - Pitching for Batavia Muckdogs : RHP Giampaolo Nobile
|
|
Batting: RHB Skyler Goss
|
0-0: Called Strike 0-1: Ball 1-1: Ball 2-1: SOLO HOME RUN (Line Drive, 78XD, EV 112.5 MPH), Distance : 436 ft
|
|
Batting: SHB Robert Sayer
|
0-0: SINGLE (Groundball, 25, EV 73.8 MPH) (infield hit)
|
|
Batting: RHB Derek Halliwill
|
0-0: SINGLE (Line Drive, 56D, EV 97.5 MPH) Robert Sayer to second
|
|
Batting: RHB Bobby McCann
|
0-0: Called Strike 0-1: Ball 1-1: TRIPLE (Flyball, 89XD, EV 107.5 MPH) Robert Sayer scores Derek Halliwill scores
|
|
Pitching: RHP Jayson Johnson
|
|
|
Batting: SHB Adam Slade
|
0-0: Swinging Strike 0-1: Ball 1-1: Foul Ball, location: 2F 1-2: Fly out, F6 (Flyball, 6MD, EV 93.8 MPH)
|
|
Batting: RHB Brian Landrum
|
0-0: Called Strike 0-1: Called Strike 0-2: Ball 1-2: Foul Ball, location: 2F 1-2: Strikes out looking
|
|
Batting: RHB Vinny Estrada
|
0-0: Ball Balk! Bobby McCann scores 1-0: Called Strike 1-1: Ball 2-1: Foul Ball, location: 2F 2-2: Ball 3-2: Foul Ball, location: 2F 3-2: Foul Ball, location: 2F 3-2: Fly out, F9 (Flyball, 9D, EV 93.8 MPH)
|
| Top of the 5th over - 4 runs, 4 hits, 0 errors, 0 left on base; Milwaukee (NYP) 16 - Batavia 4 |
| BOTTOM OF THE 5TH |
|
Batavia Muckdogs batting - Pitching for Milwaukee (NYP) Brewers : RHP Tony Valdez
|
|
Batting: LHB Ryan Thompson
|
0-0: Ball 1-0: Called Strike 1-1: Called Strike 1-2: Ground out 5-3 (Groundball, 5D, EV 83.8 MPH)
|
|
Pitching: LHP John Miller
|
|
|
Batting: LHB Justin Blakely
|
0-0: Called Strike 0-1: Swinging Strike 0-2: Ball 1-2: TRIPLE (Line Drive, 78XD, EV 110.6 MPH)
|
|
Batting: RHB Larry LeFever
|
0-0: Ball 1-0: Ball 2-0: Called Strike 2-1: DOUBLE (Line Drive, 9LM, EV 101.2 MPH) Justin Blakely scores
|
|
Batting: RHB Hiromitsu Yamada
|
0-0: Called Strike 0-1: SINGLE (Groundball, 4M, EV 94.4 MPH) (infield hit) Larry LeFever to third
|
|
Batting: LHB Emilio Montalvo
|
0-0: Foul Ball, location: 2F 0-1: Ball 1-1: Called Strike 1-2: SINGLE (Groundball, 4MD, EV 98.8 MPH) Larry LeFever scores Hiromitsu Yamada to second
|
|
Batting: RHB Jeremy Dennis
|
0-0: Called Strike 0-1: Ball 1-1: Ball 2-1: Called Strike 2-2: Ball 3-2: Strikes out swinging
|
|
Batting: RHB Jose Trevino
|
0-0: Ball 1-0: Ground out 5-3 (Groundball, 56S, EV 71.9 MPH)
|
| Bottom of the 5th over - 2 runs, 4 hits, 0 errors, 2 left on base; Milwaukee (NYP) 16 - Batavia 6 |
| TOP OF THE 6TH |
|
Milwaukee (NYP) Brewers batting - Pitching for Batavia Muckdogs : RHP Jayson Johnson
|
|
Batting: LHB Alfredo de la Cruz
|
0-0: Ball 1-0: Fly out, F8 (Flyball, 8LS, EV 90.6 MPH)
|
|
Batting: LHB Paul Collins
|
0-0: SINGLE (Groundball, 13S, EV 71.9 MPH) (infield hit)
|
|
Batting: RHB Skyler Goss
|
0-0: Called Strike 0-1: Fly out, F9 (Flyball, 9LM, EV 96.2 MPH)
|
|
Batting: SHB Robert Sayer
|
0-0: Foul Ball, location: 2F 0-1: Fly out, F7 (Flyball, 7S, EV 80.6 MPH)
|
| Top of the 6th over - 0 runs, 1 hit, 0 errors, 1 left on base; Milwaukee (NYP) 16 - Batavia 6 |
| BOTTOM OF THE 6TH |
|
Batavia Muckdogs batting - Pitching for Milwaukee (NYP) Brewers : LHP John Miller
|
|
Batting: RHB Calvin Morin
|
0-0: Swinging Strike 0-1: Ball 1-1: Ball 2-1: Foul Ball, location: 2F 2-2: Strikes out swinging
|
|
Batting: RHB Len Graham
|
0-0: Ball 1-0: Ball 2-0: Called Strike 2-1: Ball 3-1: SINGLE (Line Drive, 8LS, EV 98.8 MPH)
|
|
Pitching: LHP Dustin Waller
|
|
|
Batting: LHB Ryan Thompson
|
0-0: Called Strike Len Graham steals 2nd base 0-1: Ball 1-1: Ball 2-1: Foul Ball, location: 2F 2-2: Foul Ball, location: 2F 2-2: SINGLE (Groundball, 56S, EV 68.8 MPH) (infield hit) Len Graham to third
|
|
Batting: LHB Justin Blakely
|
0-0: Ball 1-0: Ball 2-0: Foul Ball, location: 2F 2-1: Called Strike 2-2: Strikes out swinging
|
|
Batting: RHB Larry LeFever
|
0-0: Foul Ball, location: 2F 0-1: Ball 1-1: Ball 2-1: Swinging Strike 2-2: Fly out, F7 (Flyball, 7LS, EV 90.0 MPH)
|
| Bottom of the 6th over - 0 runs, 2 hits, 0 errors, 2 left on base; Milwaukee (NYP) 16 - Batavia 6 |
| TOP OF THE 7TH |
|
Milwaukee (NYP) Brewers batting - Pitching for Batavia Muckdogs : RHP Jayson Johnson
|
|
Batting: RHB Derek Halliwill
|
0-0: Ball 1-0: Ball 2-0: Foul Ball, location: 2F 2-1: Reached on error, E5 (Groundball, 56, EV 83.1 MPH)
|
|
Batting: RHB Bobby McCann
|
0-0: Called Strike 0-1: SINGLE (Groundball, 6MD, EV 103.1 MPH) Derek Halliwill to second
|
|
Batting: SHB Adam Slade
|
0-0: Called Strike 0-1: Foul Ball, location: 2F 0-2: Ball 1-2: Ball 2-2: Fielders Choice at 2nd, 3-6 (Groundball, 34S, EV 78.8 MPH) Derek Halliwill to third
|
|
Pinch Hitting: RHB Dustin Hartman
|
0-0: Ball 1-0: Ball 2-0: Ball 3-0: Called Strike 3-1: SINGLE (Groundball, 56D, EV 98.1 MPH) Derek Halliwill scores Adam Slade to second
|
|
Batting: RHB Vinny Estrada
|
0-0: Ball Wild Pitch! Adam Slade to third Dustin Hartman to second 1-0: Called Strike 1-1: Ball 2-1: Ball Balk! Adam Slade scores Dustin Hartman to third 3-1: Base on Balls
|
|
Batting: LHB Alfredo de la Cruz
|
0-0: Foul Ball, location: 2F 0-1: Ball 1-1: Ball 2-1: Ball 3-1: Base on Balls Vinny Estrada to second
|
|
Pitching: RHP Jose Aviles
|
|
|
Batting: LHB Paul Collins
|
0-0: Ball 1-0: Ball Wild Pitch! Dustin Hartman scores Vinny Estrada to third Alfredo de la Cruz to second 2-0: Ball 3-0: Base on Balls
|
|
Batting: RHB Skyler Goss
|
0-0: Foul Ball, location: 2F 0-1: Ball 1-1: Ball Balk! Vinny Estrada scores Alfredo de la Cruz to third Paul Collins to second 2-1: Ball 3-1: Fly out, F9 (Line Drive, 9D, EV 89.4 MPH) Runner from 3rd tags up, SCORES, no throw by RF
|
|
Batting: SHB Robert Sayer
|
0-0: Called Strike 0-1: Ball 1-1: SINGLE (Line Drive, 4D, EV 95.0 MPH) Paul Collins to third Runner from 3rd tries for Home, throw by CF and OUT! 8-2
|
| Top of the 7th over - 5 runs, 3 hits, 1 error, 1 left on base; Milwaukee (NYP) 21 - Batavia 6 |
| BOTTOM OF THE 7TH |
|
Batavia Muckdogs batting - Pitching for Milwaukee (NYP) Brewers : LHP Dustin Waller
|
|
Now at 3B: Dustin Hartman
|
|
|
Batting: RHB Hiromitsu Yamada
|
0-0: Foul Ball, location: 2F 0-1: Foul Ball, location: 2F 0-2: Ball 1-2: Ball 2-2: Strikes out swinging wild pitch, reaches first!
|
|
Batting: LHB Emilio Montalvo
|
0-0: Called Strike 0-1: Called Strike 0-2: Foul Ball, location: 2F 0-2: Ball 1-2: Ball 2-2: Strikes out swinging
|
|
Batting: RHB Jeremy Dennis
|
0-0: Called Strike 0-1: Foul Ball, location: 2F 0-2: Foul Ball, location: 2F 0-2: Ball 1-2: Ball Hiromitsu Yamada steals 2nd base (no throw) 2-2: Ball 3-2: Ground out 6-3 (Groundball, 6, EV 103.8 MPH)
|
|
Batting: RHB Jose Trevino
|
0-0: Foul Ball, location: 2F 0-1: Called Strike 0-2: Ball 1-2: Ball 2-2: Foul Ball, location: 2F 2-2: Ball 3-2: Base on Balls
|
|
Batting: RHB Calvin Morin
|
0-0: TRIPLE (Line Drive, 89XD, EV 110.6 MPH) Hiromitsu Yamada scores Jose Trevino scores
|
|
Batting: RHB Len Graham
|
0-0: Foul Ball, location: 2F 0-1: Ground out 4-3 (Groundball, 13, EV 90.6 MPH)
|
| Bottom of the 7th over - 2 runs, 1 hit, 0 errors, 1 left on base; Milwaukee (NYP) 21 - Batavia 8 |
| TOP OF THE 8TH |
|
Milwaukee (NYP) Brewers batting - Pitching for Batavia Muckdogs : RHP Jose Aviles
|
|
Batting: RHB Derek Halliwill
|
0-0: Ball 1-0: Called Strike 1-1: Ball 2-1: Called Strike 2-2: Foul Ball, location: 2F 2-2: Ball 3-2: Ground out 5-3 (Groundball, 56, EV 105.6 MPH)
|
|
Batting: RHB Bobby McCann
|
0-0: Foul Ball, location: 2F 0-1: Ball 1-1: Foul Ball, location: 2F 1-2: Strikes out swinging
|
|
Batting: SHB Adam Slade
|
0-0: Foul Ball, location: 2F 0-1: Ball 1-1: Ball 2-1: Ground out 4-3 (Groundball, 4, EV 82.5 MPH)
|
| Top of the 8th over - 0 runs, 0 hits, 0 errors, 0 left on base; Milwaukee (NYP) 21 - Batavia 8 |
| BOTTOM OF THE 8TH |
|
Batavia Muckdogs batting - Pitching for Milwaukee (NYP) Brewers : LHP Dustin Waller
|
|
Batting: LHB Ryan Thompson
|
0-0: Swinging Strike 0-1: Swinging Strike 0-2: Hit by Pitch
|
|
Pitching: RHP Javy Uribe
|
|
|
Batting: LHB Justin Blakely
|
0-0: Called Strike 0-1: Ball 1-1: Ball 2-1: Fielders Choice at 2nd, 5-4 (Groundball, 56, EV 83.8 MPH)
|
|
Pinch Hitting: LHB Andrew van Dongen
|
0-0: Ball 1-0: Ball 2-0: Ball 3-0: Base on Balls Justin Blakely to second
|
|
Pinch Hitting: LHB Carlos Mosqueda
|
0-0: Called Strike 0-1: Swinging Strike 0-2: Strikes out looking
|
|
Batting: LHB Emilio Montalvo
|
0-0: Foul Ball, location: 2F 0-1: Ball 1-1: Swinging Strike 1-2: Foul Ball, location: 2F 1-2: Foul Ball, location: 2F 1-2: Foul Ball, location: 2F 1-2: Foul Ball, location: 2F 1-2: Ball 2-2: Ball 3-2: Base on Balls Justin Blakely to third Andrew van Dongen to second
|
|
Pinch Hitting: SHB Dan Zink
|
0-0: Called Strike 0-1: Foul Ball, location: 2F 0-2: Ball 1-2: Ball 2-2: Strikes out looking
|
| Bottom of the 8th over - 0 runs, 0 hits, 0 errors, 3 left on base; Milwaukee (NYP) 21 - Batavia 8 |
| TOP OF THE 9TH |
|
Milwaukee (NYP) Brewers batting - Pitching for Batavia Muckdogs : RHP Jose Aviles
|
|
Now at 1B: Carlos Mosqueda
|
|
|
Now at 2B: Len Graham
|
|
|
Now at SS: Alex Ramirez
|
|
|
Now in LF: Dan Zink
|
|
|
Batting: RHB Dustin Hartman
|
0-0: Ball 1-0: Ball 2-0: Ball 3-0: Base on Balls
|
|
Batting: RHB Vinny Estrada
|
0-0: Called Strike 0-1: Swinging Strike 0-2: Ball 1-2: Ball 2-2: Foul Ball, location: 2F 2-2: Strikes out swinging
|
|
Batting: LHB Alfredo de la Cruz
|
Balk! Dustin Hartman to second 0-0: Called Strike 0-1: Swinging Strike 0-2: Foul Ball, location: 2F 0-2: Ball 1-2: Ball 2-2: Strikes out swinging
|
|
Batting: LHB Paul Collins
|
0-0: Ball 1-0: Ball Wild Pitch! Dustin Hartman to third 2-0: Called Strike 2-1: Ball Wild Pitch! Dustin Hartman scores 3-1: Base on Balls
|
|
Batting: RHB Skyler Goss
|
0-0: Ball 1-0: Ball 2-0: Called Strike 2-1: Ball 3-1: Base on Balls Paul Collins to second
|
|
Pitching: RHP J.J. Barajas
|
|
|
Batting: SHB Robert Sayer
|
0-0: Ground out 4-3 (Groundball, 13, EV 84.4 MPH)
|
| Top of the 9th over - 1 run, 0 hits, 0 errors, 2 left on base; Milwaukee (NYP) 22 - Batavia 8 |
| BOTTOM OF THE 9TH |
|
Batavia Muckdogs batting - Pitching for Milwaukee (NYP) Brewers : RHP Javy Uribe
|
|
Batting: RHB Jose Trevino
|
0-0: SINGLE (Groundball, 4D, EV 97.5 MPH)
|
|
Batting: RHB Calvin Morin
|
0-0: Ball 1-0: Called Strike 1-1: Ball 2-1: Foul Ball, location: 2F 2-2: Ball 3-2: Base on Balls Jose Trevino to second
|
|
Pitching: LHP Paul Schumacher
|
|
|
Batting: RHB Len Graham
|
0-0: Fielders Choice at 2nd, 3-6 (Groundball, 34, EV 88.8 MPH) Jose Trevino to third
|
|
Batting: RHB Mike Sonn
|
0-0: Ball 1-0: Ball 2-0: Ball 3-0: Called Strike 3-1: Foul Ball, location: 2F 3-2: Strikes out swinging Len Graham steals 2nd base (no throw) Batter strikes out.
|
|
Pinch Hitting: RHB Mario Barraza
|
0-0: Ball 1-0: Ball 2-0: Ground out 6-3 (Groundball, 6, EV 99.4 MPH)
|
| Bottom of the 9th over - 0 runs, 1 hit, 0 errors, 2 left on base; Milwaukee (NYP) 22 - Batavia 8 |
|